 Dungeon Crawl Stone Soup version 0.25-a0-435-g4b9beb1024 (webtiles) character file.

Game seed: 6022045159032293241, levelgen mode: deterministic

91 night the Digger (level 4, -3/30 HPs)
             Began as a Vampire Earth Elementalist on Jan 27, 2020.
             Slain by an ice beast (10 damage)
             ... on level 2 of the Dungeon.
             The game lasted 00:04:32 (1206 turns).

night the Digger (Vampire Earth Elementalist)       Turns: 1206, Time: 00:04:32

Health: -3/30      AC:  2    Str:  7    XL:     4   Next: 33%
Magic:  2/9        EV: 12    Int: 18    God:
Gold:   118        SH:  0    Dex: 14    Spells: 8/9 levels left

rFire    + . .     SeeInvis +   a - +0 dagger
rCold    . . .     Gourm    .   (no shield)
rNeg     . . .     Faith    .   c - +0 robe
rPois    .         Spirit   .   (no helmet)
rElec    .         Reflect  .   (no cloak)
rCorr    .         Harm     .   (no gloves)
MR       .....                  (no boots)
Stlth    ++........             (no amulet)
HPRegen  0.30/turn              f - ring of protection from fire
MPRegen  0.11/turn              (no ring)

@: regenerating quickly
A: no food, fangs 3, see invisible, unbreathing
a: Exsanguinate


You were on level 2 of the Dungeon.
You were alive.

You visited 1 branch of the dungeon, and saw 2 of its levels.

You collected 118 gold pieces.

Inventory:

Hand Weapons
 a - a +0 dagger (weapon)
Missiles
 b - 64 stones (quivered)
 j - 2 curare-tipped darts
Armour
 c - a +0 robe (worn)
Jewellery
 f - a ring of protection from fire (left hand)
Scrolls
 d - 2 scrolls of blinking {unknown}
 g - a scroll of amnesia {unknown}
 h - a scroll of random uselessness {unknown}
 i - 4 scrolls of teleportation {unknown}
Potions
 e - a potion of heal wounds {unknown}
 k - a potion of lignification {unknown}


   Skills:
 - Level 2.1 Dodging
 - Level 3.0 Stealth
 + Level 3.3 Spellcasting
   Level 1.1 Transmutations
 + Level 4.2 Earth Magic


You had 8 spell levels left.
You knew the following spells:

 Your Spells              Type           Power        Failure   Level  Hunger
a - Sandblast             Erth           ###...       2%          1    N/A

Your spell library contained the following spells:

 Spells                   Type           Power        Failure   Level  Hunger
 Passwall                 Tmut/Erth      ##......     8%          2    N/A
 Stone Arrow              Conj/Erth      ##....       21%         3    N/A
 Petrify                  Tmut/Erth      ##......     45%         4    N/A
 Lee's Rapid Deconstruct  Erth           ###.......   61%         5    N/A

Dungeon Overview and Level Annotations

Branches:
Dungeon (2/15)

Altars:


Innate Abilities, Weirdness & Mutations

You do not eat.
Your natural rate of healing is unusually fast.
You have razor-sharp teeth.
You have supernaturally acute eyesight. (SInv)
You can survive without breathing.


Message History

Confirm with . or Enter, or press ? or * to list all spells.
Aiming: Sandblast (safe; 2% risk of failure)
Press: ? - help, Shift-Dir - straight line, f/p - ice beast
Aim: an ice beast (heavily wounded)
The blast of sand misses the ice beast.
b - 65 stones The ice beast misses you.
Casting: Sandblast (safe; 2% risk of failure)
Confirm with . or Enter, or press ? or * to list all spells.
Aiming: Sandblast (safe; 2% risk of failure)
Press: ? - help, Shift-Dir - straight line, f/p - ice beast
Aim: an ice beast (heavily wounded)
The blast of sand hits the ice beast.
The ice beast is heavily wounded.
b - 64 stones The ice beast hits you.
The ice beast freezes you! The ice beast hits you.
* * * LOW HITPOINT WARNING * * *
The ice beast freezes you!
You die...

#.# #.# ##.#####
#......############
#####..###............#
...#.)###............#
###.#..##.......#####.#
#...............# #
###.†.#..##...Y@).#
#.........)......##
#........####...######
#........# #.........
...#...##.# #..#######
####...##.# #.......#
#...##.# #.#####.#
#...#....# #.#
#.#..Y#### #)#


You could see an ice beast.

Vanquished Creatures
  An orc priest (D:2)
  2 adders
  An ooze (D:1)
  A dart slug (D:1)
  2 orcs (D:2)
  2 ball pythons (D:1)
  4 bats (D:1)
  2 giant cockroaches (D:1)
  3 goblins
  7 hobgoblins (D:1)
  2 kobolds
  A frilled lizard (D:1)
  5 rats
33 creatures vanquished.

Vanquished Creatures (others)
  A goblin (D:1)
1 creature vanquished.

Grand Total: 34 creatures vanquished

Notes
Turn   | Place    | Note
-------+----------+-------------------------------------------
     0 | D:1      | night the Vampire Earth Elementalist began the quest for
                  | the Orb.
     0 | D:1      | Reached XP level 1. HP: 13/13 MP: 3/3
    88 | D:1      | Reached XP level 2. HP: 16/19 MP: 3/5
   685 | D:1      | Reached XP level 3. HP: 24/24 MP: 7/7
   984 | D:2      | Reached skill level 4 in Earth Magic
   984 | D:2      | Reached XP level 4. HP: 30/30 MP: 4/8
  1091 | D:2      | Noticed an ice beast
  1206 | D:2      | Slain by an ice beast

Levels and vault maps discovered:
D:1:      shiori_arrival_oz, layout_basic, chequers_serial_rivers_marsh,
          corexii_corridor_pit
D:2:      layout_loops_ring

Skill      XL: |  1  2  3 |
---------------+----------+-----
Spellcasting   | 3 |  3.3
Earth Magic    | 4 |  4.2
Dodging        | |  2.1
Stealth        | |  3.0
Transmutations | |  1.1

Action                   |  1- 3 |  4- 6 || total
-------------------------+-------+-------++-------
Melee: Dagger            |   113 |    22 ||   135
       Bite              |     7 |       ||     7
 Cast: Sandblast         |    22 |    11 ||    33
 Stab: Sleeping          |     3 |       ||     3
Armor: Robe              |    31 |     1 ||    32
Dodge: Dodged            |    90 |     9 ||    99

Table legend:
 A = Non-vault XP
 B = Vault XP
 C = Vault XP percentage of total XP
 D = Non-vault monster count
 E = Vault monster count
 F = Vault count percentage of total count
                 A         B        C        D         E       F
            +---------+---------+-------+---------+---------+-------
      Total |     128 |       2 |   1.5 |      32 |       1 |   3.0
            +---------+---------+-------+---------+---------+-------
        D:1 |      61 |       2 |   3.2 |      25 |       1 |   3.8
        D:2 |      67 |       0 |   0.0 |       7 |       0 |   0.0
            +---------+---------+-------+---------+---------+-------
